 Dungeon Crawl Stone Soup version 0.19-a0-1109-g16db51f (webtiles) character file.

5667 one1010 the Blocker (level 10, -4/88 HPs)
             Began as a Minotaur Fighter on Aug 9, 2016.
             Was an Elder of Nemelex Xobeh.
             Slain by an unseen horror (5 damage)
             ... on level 10 of the Dungeon.
             The game lasted 00:30:13 (8030 turns).

one1010 the Blocker (Minotaur Fighter)              Turns: 8030, Time: 00:30:13

Health: -4/88      AC: 19    Str: 22    XL:     10   Next: 47%
Magic:  12/12      EV:  7    Int:  5    God:    Nemelex Xobeh [****..]
Gold:   422        SH: 15    Dex: 12    Spells: 0 memorised, 9 levels left

rFire  + . .     SeeInvis .     a - +1 war axe
rCold  x . .     Gourm    .     A - +0 plate armour
rNeg   . . .     Faith    .     c - +0 shield
rPois  .         Spirit   .     (helmet restricted)
rElec  .         Dismiss  .     B - +2 cloak
rCorr  .         Reflect  +     (no gloves)
SustAt .         Harm     .     I - +0 pair of boots
MR     .....                    z - +3 amulet of reflection
Stlth  ..........               T - ring of stealth
                                N - ring of fire

@:
A: retaliatory headbutt, horns 2
a: Triple Draw, Deal Four, Renounce Religion


You were on level 10 of the Dungeon.
You worshipped Nemelex Xobeh.
Nemelex Xobeh was greatly pleased with you.
You were near starving.

You visited 2 branches of the dungeon, and saw 11 of its levels.

You collected 422 gold pieces.

Inventory:

Hand Weapons
 a - a +1 war axe (weapon)
 e - a +1 great sword of draining
Armour
 c - a +0 shield (worn)
 A - a +0 plate armour (worn)
 B - a +2 cloak (worn)
 I - a +0 pair of boots (worn)
Jewellery
 z - a +3 amulet of reflection (around neck)
 N - a ring of fire (left hand)
 Q - an uncursed amulet of dismissal
 T - a ring of stealth (right hand)
Wands
 d - a wand of digging (10/24)
 u - a wand of iceblast (5/15)
 y - a wand of lightning (8/15)
 M - a wand of flame (33/48)
 V - a wand of lightning (9/15)
 X - a wand of lightning (11/15)
 Y - a wand of polymorph (10/24)
 Z - a wand of confusion (16/48)
Scrolls
 b - a scroll of magic mapping
 g - 2 scrolls of teleportation
 k - 2 scrolls of blinking
 l - 4 scrolls of identify
 n - a scroll of random uselessness
 q - a scroll of fog
 v - 3 scrolls of amnesia
 x - 2 scrolls of enchant weapon
 G - a scroll of noise
 O - a scroll of enchant armour
 R - 5 scrolls of remove curse
Potions
 i - 3 potions of brilliance
 t - 3 potions of agility
 w - a potion of lignification
 E - 2 potions of magic
 H - 2 potions of berserk rage
 K - 2 potions of mutation
Books
 P - a book of Burglary

   Spells                             Type                      Level
   a - Swiftness                      Charms/Air                   2
   b - Passwall                       Transmutation/Earth          2
   c - Passage of Golubria            Translocation                4
   d - Lee's Rapid Deconstruction     Earth                        5
   e - Darkness                       Hexes                        6
   f - Invisibility                   Hexes                        6
 U - a Grand Grimoire

   Spells                             Type                      Level
   a - Monstrous Menagerie            Summoning                    7
   b - Summon Greater Demon           Summoning                    7
   c - Malign Gateway                 Summoning/Translocation      7
   d - Summon Horrible Things         Summoning                    8
 W - a book of Spatial Translocations

   Spells                             Type                      Level
   a - Apportation                    Translocation                1
   b - Blink                          Translocation                2
   c - Shroud of Golubria             Charms/Translocation         2
   d - Portal Projectile              Translocation                3
   e - Teleport Other                 Translocation                3
   f - Passage of Golubria            Translocation                4
Miscellaneous
 p - a plain deck of destruction
 s - a plain deck of summoning
 L - a plain deck of escape {drawn: 2}
Comestibles
 f - 11 bread rations
 h - 5 meat rations
 j - 2 slices of pizza
 m - 7 fruits
 C - 7 beef jerkies


   Skills:
 * Level 8.1 Fighting
 * Level 8.7 Axes
 * Level 9.3 Armour
 + Level 3.1 Dodging
 + Level 0.1 Stealth
 * Level 10.9 Shields
 - Level 0.2 Invocations
 * Level 4.4 Evocations


You had 9 spell levels left.
You didn't know any spells.

Dungeon Overview and Level Annotations

Branches:
Dungeon (10/15)            Temple (0/1) D:6            Lair (1/6) D:9
    Orc: D:9-12

Altars:
Fedhas
Hepliaklqana
Nemelex Xobeh
Pakellas
Trog
Xom
Zin


Innate Abilities, Weirdness & Mutations

You reflexively headbutt those who attack you in melee.
You have a pair of horns on your head.


Message History

Something hits you!
* * * LOW HITPOINT WARNING * * *
You block something's attack. x2
You hit something. Your headbutt misses something. Something hits you.
* * * LOW HITPOINT WARNING * * *
Something completely misses you. Something hits you but does no damage.
You hit something but do no damage. Something hits you!
* * * LOW HITPOINT WARNING * * *
You closely miss something. Something hits you but does no damage.
Something hits you.
* * * LOW HITPOINT WARNING * * *
Something hits you but does no damage. x2
You closely miss something.
You are near starving!
You block something's attack. Something hits you but does no damage.
You miss something. Something hits you.
* * * LOW HITPOINT WARNING * * *
Something hits you.
You die...
Your body glows slightly and disappears.

##############
............#
#....#####.# #.
#....# #@#
##...#....#####.#
................#
.#######'###...?..#
#.........#......#
#.........#......#
+.........#...#..#
#.........#...#..#
#....##...#......#


There were no monsters in sight!

Vanquished Creatures
  A rakshasa (D:9)
  Pikel (D:6)
  A spiny frog (Lair:1)
  3 wyverns (D:9)
  A hippogriff (D:8)
  Menkaure (D:4)
  A water moccasin (D:9)
  Duvessa (D:5)
  3 orc warriors
  3 ice beasts
  A black bear (D:9)
  A slave (D:6)
  4 ogres
  3 centaurs
  3 big kobolds (D:9)
  3 giant frogs
  Dowan (D:5)
  6 scorpions
  9 wights
  3 crimson imps
  A giant frog zombie (D:5)
  2 jellies
  3 orc priests
  A hound (D:7)
  6 orc wizards
  4 iguanas
  6 worker ants
  8 adders
  2 river rats (D:9)
  3 shadow imps
  3 oozes
  An adder zombie (D:5)
  3 worms
  A dart slug (D:4)
  5 giant geckos
  21 orcs
  3 ball pythons
  18 bats
  3 giant cockroaches
  4 goblins
  6 hobgoblins
  6 quokkas
  A ball python skeleton (D:4)
  6 giant newts
  13 kobolds
  7 rats
  A fungus (D:9)
188 creatures vanquished.

Vanquished Creatures (others)
  A slave (D:6)
1 creature vanquished.

Grand Total: 189 creatures vanquished

Notes
Turn   | Place    | Note
-------+----------+-------------------------------------------
     0 | D:1      | one1010 the Minotaur Fighter began the quest for the Orb.
     0 | D:1      | Reached XP level 1. HP: 19/19 MP: 0/0
   233 | D:1      | Reached XP level 2. HP: 27/27 MP: 1/1
   938 | D:2      | Upgraded the game from 0.19-a0-1100-g56b2fe9 to 0.19-a0-1109-g16db51f
   994 | D:2      | Reached XP level 3. HP: 28/33 MP: 2/2
  1200 | D:2      | Reached skill level 4 in Shields
  1676 | D:3      | Found a faded altar of an unknown god.
  1699 | D:3      | Became a worshipper of Nemelex Xobeh the Trickster
  1699 | D:3      | Received a gift from Nemelex Xobeh
  1699 | D:3      | Reached * piety under Nemelex Xobeh
  1792 | D:3      | Reached XP level 4. HP: 35/40 MP: 3/3
  1928 | D:3      | Reached skill level 1 in Dodging
  2767 | D:4      | Noticed Menkaure
  2772 | D:4      | Killed Menkaure
  2772 | D:4      | Reached skill level 5 in Armour
  2772 | D:4      | Reached skill level 1 in Evocations
  2772 | D:4      | Reached XP level 5. HP: 39/47 MP: 4/4
  2894 | D:4      | Received a gift from Nemelex Xobeh
  2945 | D:4      | Reached ** piety under Nemelex Xobeh
  3100 | D:4      | Reached XP level 6. HP: 23/55 MP: 5/5
  3327 | D:4      | Found a shimmering altar of Xom.
  3436 | D:5      | Entered Level 5 of the Dungeon
  3436 | D:5      | Found a blossoming altar of Fedhas.
  3436 | D:5      | Noticed Duvessa
  3436 | D:5      | Noticed Dowan
  3443 | D:5      | Killed Duvessa
  3443 | D:5      | Reached skill level 5 in Fighting
  3443 | D:5      | Reached skill level 5 in Shields
  3448 | D:5      | Killed Dowan
  3448 | D:5      | Reached XP level 7. HP: 22/61 MP: 7/7
  3887 | D:5      | Reached skill level 6 in Shields
  4013 | D:5      | Found a hazy altar of Hepliaklqana.
  4058 | D:5      | Received a gift from Nemelex Xobeh
  4132 | D:6      | Found an oddly glowing altar of Pakellas.
  4236 | D:6      | Found a glowing silver altar of Zin.
  4319 | D:6      | Reached XP level 8. HP: 68/70 MP: 8/8
  4328 | D:6      | Reached skill level 7 in Shields
  4399 | D:6      | Received a gift from Nemelex Xobeh
  4411 | D:6      | Noticed Pikel
  4432 | D:6      | HP: 3/105 [Pikel/whip of electrocution (11)]
  4435 | D:6      | Killed Pikel
  4435 | D:6      | Reached skill level 5 in Axes
  4435 | D:6      | Reached skill level 8 in Shields
  4644 | D:6      | Found a staircase to the Ecumenical Temple.
  5045 | D:7      | Reached XP level 9. HP: 78/78 MP: 10/10
  5109 | D:7      | Reached *** piety under Nemelex Xobeh
  5287 | D:7      | Reached skill level 9 in Shields
  6124 | D:9      | Noticed a rakshasa
  6150 | D:9      | Killed a rakshasa
  6150 | D:9      | Reached skill level 10 in Shields
  6151 | D:9      | Reached XP level 10. HP: 41/86 MP: 9/12
  6178 | D:9      | HP: 4/86 [poisoned by a wight]
  6183 | D:9      | HP: 4/86 [poisoned by a wight]
  6190 | D:9      | HP: 3/86 [poisoned by a wight]
  6198 | D:9      | HP: 3/86 [poisoned by a wight]
  6599 | D:9      | Found a bloodstained altar of Trog.
  7128 | D:9      | Reached **** piety under Nemelex Xobeh
  7133 | D:9      | Received a gift from Nemelex Xobeh
  7283 | D:9      | Found a staircase to the Lair.
  7587 | Lair:1   | Entered Level 1 of the Lair of Beasts
  7587 | Lair:1   | Noticed a spiny frog
  7605 | Lair:1   | Killed a spiny frog
  7899 | D:10     | Entered Level 10 of the Dungeon
  8019 | D:10     | HP: 4/88 [something (5)]
  8027 | D:10     | HP: 4/88 [something (8)]
  8028 | D:10     | HP: 1/88 [something (3)]
  8030 | D:10     | Slain by an unseen horror

Vault maps used:
D:1:      onia_arrival_mini_maze
D:2:      first_bread
D:3:      ecumenical_altar_2
D:4:      nicolae_overflow_hidden_temple, uniq_menkaure
D:5:      fedhas_altar_1, lemuel_coloured_pillars_altar, uniq_duvessa
D:6:      zin_academy, overflow_temple_1_default, uniq_pikel
D:7:      grunt_ogre_cave
D:9:      minmay_curly_fans, kennysheep_mini, grunt_lair_entry_orc_guard_hut
D:10:     dk_vineyard_3, tgw_kikubaaqudgha, uniq_psyche
Lair:1:   grunt_forest_small_clearing_treed, grunt_megastairs_2,
          serial_bayou_shore_b

Skill      XL: |  1  2  3  4  5  6  7  8  9 10 |
---------------+-------------------------------+-----
Armour         | 4 5 6 7 8 9 |  9.3
Fighting       | 4 5 6 7 8 |  8.1
Shields        | 4 5 6 8 10 | 10.9
Dodging        | 1 2 3 |  3.1
Axes           | 3 4 6 7 8 |  8.7
Evocations     | 1 2 3 4 |  4.4
Stealth        | |  0.1
Invocations    | |  0.2

Action                   |  1- 3 |  4- 6 |  7- 9 | 10-12 || total
-------------------------+-------+-------+-------+-------++-------
Melee: War axe           |   103 |    64 |   277 |   191 ||   635
       Headbutt          |     8 |    10 |    58 |    40 ||   116
Invok: Triple Draw       |       |       |     1 |       ||     1
Evoke: Deck              |       |     1 |     4 |       ||     5
  Use: Potion            |       |     2 |     3 |     3 ||     8
       Scroll            |       |       |    20 |     1 ||    21
  Eat: Chunk             |     3 |     5 |     9 |     5 ||    22
Armor: Scale mail        |    51 |     2 |       |       ||    53
       Plate armour      |       |    16 |   139 |   146 ||   301
       Skin              |       |       |     4 |       ||     4
Dodge: Dodged            |    30 |    13 |    54 |    49 ||   146
Block: Shield            |    51 |    43 |   219 |   178 ||   491
       Reflection        |       |       |     5 |     6 ||    11
